 Seeded DCSS version 0.26.1-2-gb8aa6d0cf2 (webtiles) character file.

Game seed: 13580442721858370627 (custom seed)

29 jmmainvi the Sneak (level 3, -10/16 HPs)
             Began as a Spriggan Enchanter on Feb 15, 2021.
             Mangled by an orc warrior
             ... wielding a cursed +0 glaive
              (14 damage)
             ... on level 1 of the Dungeon.
             The game lasted 00:03:16 (1700 turns).

jmmainvi the Sneak (Spriggan Enchanter)             Turns: 1700, Time: 00:03:16

Health: -10/16     AC:  4    Str:  4    XL:     3   Next: 1%
Magic:  8/8        EV: 18    Int: 17    God:
Gold:   46         SH:  0    Dex: 16    Spells: 5/8 levels left

rFire    + . .     SeeInvis +   a - +1 dagger
rCold    . . .     Faith    .   (shield restricted)
rNeg     . . .     Spirit   .   b - +0 robe
rPois    .         Reflect  .   (helmet restricted)
rElec    .         Harm     .   g - +1 cloak
rCorr    .         Rampage  .   (gloves unavailable)
Will     .....                  (boots unavailable)
Stlth    +++.......             (no amulet)
HPRegen  0.05/turn              e - ring of protection from fire
MPRegen  0.11/turn              (no ring)

@: very quick
A: very small, unfitting armour, see invisible, speed 3
a: no special abilities


You were on level 1 of the Dungeon.
You visited 1 branch of the dungeon, and saw 2 of its levels.

You collected 46 gold pieces.

Inventory:

Hand Weapons
 a - a +1 dagger (weapon)
Missiles
 i - 7 datura-tipped darts
Armour
 b - a +0 robe (worn)
 g - a +1 cloak (worn)
Jewellery
 e - a ring of protection from fire (left hand)
Scrolls
 d - 2 scrolls of identify {unknown}
 f - a scroll of blinking {unknown}
 h - a scroll of teleportation {unknown}
 j - a scroll of amnesia {unknown}
 k - a scroll of magic mapping {unknown}
Potions
 c - a potion of might {unknown}


   Skills:
 - Level 1.4 Short Blades
 - Level 3.2 Dodging
 + Level 4.8 Stealth
 + Level 3.1 Spellcasting
 * Level 4.1 Hexes
 + Level 0.3 Ice Magic


You had 5 spell levels left.
You knew the following spells:

 Your Spells              Type           Power        Failure   Level
a - Corona                Hex            17%          3%          1
b - Ensorcelled Hibernat  Hex/Ice        20%          11%         2

Your spell library contained the following spells:

 Spells                   Type           Power        Failure   Level
 Confusing Touch          Hex            16%          10%         3
 Tukima's Dance           Hex            16%          10%         3
 Dazzling Flash           Conj/Hex       18%          22%         3


Dungeon Overview and Level Annotations

Branches:
Dungeon (2/15)

Altars:


Innate Abilities, Weirdness & Mutations

You are very small and have problems with some larger weapons.
You are too small for most types of armour.
You have supernaturally acute eyesight. (SInv)
You cover ground extremely quickly.


Message History

Your experience leads to an increase in your attributes!
Increase (S)trength, (I)ntelligence, or (D)exterity?
You feel clever.
Things that are here:
a +0 dagger; a +0 leather armour; an orc corpse You start resting.
Magic restored.
You start waiting.
An orc warrior is nearby!
There is a stone staircase leading up here.
The orc warrior shouts!
The orc warrior hits you with a cursed +0 glaive!
Ouch! That really hurt!
* * * LOW HITPOINT WARNING * * *
There is a stone staircase leading up, spattered with blood here.
You climb upwards.
There is a stone staircase leading down here.
The orc warrior hits you from afar with a cursed +0 glaive!
Ouch! That really hurt!
You die...

## .. ### .# #.. .#
#.# ### .# #.#
######.##.# #.#
....#...#.#####. #.#
#...o>@....... #.#
#..........### #.#
#.# ####.####### #.#
#.# #.# #.# #.. #.#
#.# ### ##'## #.#
##...## #.#
##.....## ###.#
##.......######.#.##


You could see an orc warrior.

Vanquished Creatures
  2 oozes
  A dart slug (D:1)
  A leopard gecko (D:1)
  An orc (D:2)
  A bat (D:1)
  A giant cockroach (D:1)
  A goblin (D:1)
  3 hobgoblins (D:1)
  2 frilled lizards (D:1)
  2 kobolds (D:1)
  2 rats
17 creatures vanquished.

Notes
Turn   | Place    | Note
-------+----------+-------------------------------------------
     0 | D:1      | jmmainvi the Spriggan Enchanter began the quest for the
                  | Orb.
     0 | D:1      | Reached XP level 1. HP: 9/9 MP: 5/5
   236 | D:1      | Reached XP level 2. HP: 5/13 MP: 3/6
   239 | D:1      | Learned a level 2 spell: Ensorcelled Hibernation
  1518 | D:2      | Noticed an orc warrior
  1567 | D:2      | Reached XP level 3. HP: 16/16 MP: 4/8
  1700 | D:1      | Mangled by an orc warrior

Illustrated notes

Levels and vault maps discovered:
D:1:      minmay_arrival_four_loops, layout_loops_corners,
          nemelex_diamond_rough_becter
D:2:      layout_basic, minmay_crystal_room

Skill      XL: |  1  2 |
---------------+-------+-----
Spellcasting   | 3 |  3.1
Hexes          | 4 |  4.1
Short Blades   | |  1.4
Dodging        | |  3.2
Stealth        | |  4.8
Ice Magic      | |  0.3

Action                   || total
-------------------------++-------
Melee: Dagger            ||    35
 Cast: Corona            ||     2
       Ensorcelled Hiber ||    16
 Stab: Sleeping          ||    14
Armor: Robe              ||     9
Dodge: Dodged            ||    22
